 Dungeon Crawl Stone Soup version 0.31-a0-744-gbc345e7fcb (webtiles) character file.

Game seed: 14422246468540813583

36 GigaChad the Shield-Bearer (level 3, -2/29 HPs)
             Began as a Formicid Fighter on Sept 13, 2023.
             Slain by a gnoll
             ... wielding a +0 flail
              (11 damage)
             ... on level 2 of the Dungeon.
             The game lasted 00:01:15 (1132 turns).

GigaChad the Shield-Bearer (Formicid Fighter)       Turns: 1132, Time: 00:01:16

Health: -2/29      AC:  7    Str: 22    XL:     3   Next: 57%
Magic:  3/3        EV:  9    Int:  7    God:
Gold:   21         SH:  5    Dex: 13    Spells: 2/2 levels left

rFire   . . .        a - +0 war axe
rCold   . . .        c - +0 buckler
rNeg    . . .        b - +0 scale mail
rPois   .            (helmet unavailable)
rElec   .            (no cloak)
rCorr   .            (no gloves)
SInv    +            (no boots)
Will    .....        (no amulet) Stlth
                     (no ring)
HPRegen 0.24/turn    (no ring)
MPRegen 0.08/turn

%: no passive effects
@: no status effects
A: permanent stasis, dig shafts and tunnels, antennae 3, four strong arms
a: Dig, Shaft Self


You were on level 2 of the Dungeon.
You visited 1 branch of the dungeon, and saw 2 of its levels.

You collected 21 gold pieces.

Inventory:

Hand Weapons
 a - a +0 war axe (weapon)
Armour
 b - a +0 scale mail (worn)
 c - a +0 buckler (worn)
Jewellery
 k - an amulet of magic regeneration
Talismans
 n - a blade talisman
Scrolls
 f - 2 scrolls of immolation
 g - a scroll of revelation
 h - a scroll of butterflies {unknown}
 m - a scroll of teleportation {unknown}
Potions
 d - a potion of might
 e - a potion of curing {unknown}
 i - a potion of lignification {unknown}
 j - a potion of heal wounds {unknown}
 l - a potion of ambrosia {unknown}


   Skills:
 * Level 3.5 Fighting
 * Level 2.6 Axes
 * Level 3.8 Armour
 * Level 4.5 Shields


You had 2 spell levels left.
You didn't know any spells.
Your spell library was empty.

Dungeon Overview and Level Annotations

Branches:
Dungeon (2/15)

Altars:


Innate Abilities, Weirdness & Mutations

You cannot be hasted, slowed, berserked, paralysed or teleported.
You can dig through walls and to a lower floor.
You have a pair of large antennae on your head. (SInv)
Your four strong arms can wield two-handed weapons with a shield.


Message History

A hobgoblin comes into view.
Found a stone staircase leading up.
The hobgoblin shouts!
A hobgoblin is nearby!
A hobgoblin is nearby!
Your library has no spells.
The hobgoblin hits you but does no damage.
A gnoll comes into view. It is wielding a +0 flail.
You barely miss the hobgoblin. The hobgoblin barely misses you.
The hobgoblin closely misses you.
You barely miss the hobgoblin. You block the hobgoblin's attack.
You slash the hobgoblin!
You kill the hobgoblin!
You see here a hobgoblin corpse.
You slash the gnoll!
The gnoll is heavily wounded.
You block the gnoll's attack. The gnoll hits you with a +0 flail.
You closely miss the gnoll.
The gnoll is heavily wounded.
The gnoll hits you with a +0 flail.
You closely miss the gnoll.
The gnoll is heavily wounded.
The gnoll barely misses you. The gnoll hits you with a +0 flail.
You barely miss the gnoll.
The gnoll is heavily wounded.
The gnoll closely misses you.
You closely miss the gnoll.
The gnoll is heavily wounded.
The gnoll hits you with a +0 flail. The gnoll hits you but does no damage.
You are too injured to fight recklessly!
You are too injured to fight recklessly!
You are too injured to fight recklessly!
You are too injured to fight recklessly!
You are too injured to fight recklessly!
You are too injured to fight recklessly!
The gnoll hits you with a +0 flail.
You barely miss the gnoll.
The gnoll is heavily wounded.
The gnoll hits you with a +0 flail!
You die...

##########................
########........#.###############
.......#.##.......# *,,,,,,,,,,,
............#.#.#####*,.,,,,,,,,,
.......#......#.#...,,..,,,,,,,,,
.......#.#.#....#.#,,...,,,,,,,,,
.........###......#,....,,,,,,,,,
.................##.....*********
................@g......*
........#####...†##.....*
#..........#...##.......*********
#............#.#*.###.##,,,,,,,,,
#..........###.....**,**,,,,,,,,,
#.....>............#*,**,,,,,,,,,
#..........###.....#*,**,,,,,,,,,
........†..# #.....#*,**,,,,,,,,,
#..........# #.....<*,******,,,,,


You could see a gnoll.

Vanquished Creatures
  An adder (D:2)
  A worm (D:2)
  An endoplasm (D:1)
  3 giant cockroaches (D:1)
  2 goblins (D:1)
  3 hobgoblins
  4 kobolds
  3 quokkas (D:1)
  A bat (D:1)
  4 rats
23 creatures vanquished.

Notes
Turn   | Place    | Note
-------+----------+-------------------------------------------
     0 | D:1      | GigaChad the Formicid Fighter began the quest for the Orb.
     0 | D:1      | Reached XP level 1. HP: 18/18 MP: 1/1
   132 | D:1      | Reached XP level 2. HP: 24/24 MP: 2/2
   840 | D:2      | Reached XP level 3. HP: 16/29 MP: 3/3
  1132 | D:2      | Slain by a gnoll

Illustrated notes

Levels and vault maps discovered:
D:1:      wheals_arrival_linesprint, layout_basic
D:2:      layout_basic

Action                     || total
---------------------------++-------
  Melee: War axe           ||    81
    Use: Scroll            ||     5
 Armour: Scale mail        ||    52
  Dodge: Dodged            ||    27
  Block: Buckler           ||    19

Table legend: (Time is in decaauts)
 A = Elapsed time spent in this place.
 B = Non-inter-level travel time spent in this place.
 C = Inter-level travel time spent in this place.
 D = Time resting spent in this place.
 E = Time spent auto-exploring this place.
 F = Levels seen in this place.
 G = Mean time per level.
                   A        B        C        D        E       F      G
               +--------+--------+--------+--------+--------+-----+--------+
         Total |   1165 |   1100 |     65 |      0 |    878 |   2 |  582.5 |
       Dungeon |   1165 |   1100 |     65 |      0 |    878 |   2 |  582.5 |
               +--------+--------+--------+--------+--------+-----+--------+

Top non-repeatable levels by time:
     D:1: 828 daAuts
     D:2: 336 daAuts
